 Dungeon Crawl Stone Soup version 0.31-a0-177-g4aa6249778 (webtiles) character file.

Game seed: 9103100569316093844

54 qw the Chopper (level 3, -2/23 HPs)
             Began as a Gargoyle Fighter on June 17, 2023.
             Slain by Sigmund
             ... wielding a +2 scythe of freezing
              (8 damage)
             ... on level 2 of the Dungeon.
             The game lasted 00:00:47 (1273 turns).

qw the Chopper (Gargoyle Fighter)                   Turns: 1273, Time: 00:00:48

Health: -2/23      AC: 10    Str: 21    XL:     3   Next: 91%
Magic:  3/3        EV: 14    Int:  8    God:
Gold:   84         SH:  4    Dex:  9    Spells: 2/2 levels left

rFire   . . .        Y - +0 war axe
rCold   . . .        c - +0 buckler
rNeg    + . .        b - +0 scale mail
rPois   inf          (no helmet)
rElec   +            (no cloak)
rCorr   .            (no gloves)
SInv    .            (no boots)
Will    .....        (no amulet) Stlth
                     j - +5 ring of evasion
HPRegen 0.23/turn    (no ring)
MPRegen 0.08/turn

%: no passive effects
@: no status effects
A: sickness immunity, AC +3, negative energy resistance 1, electricity
resistance, torment resistance 1, petrification resistance
a: no special abilities


You were on level 2 of the Dungeon.
You visited 1 branch of the dungeon, and saw 2 of its levels.

You collected 84 gold pieces.


Innate Abilities, Weirdness & Mutations

You are immune to sickness and miasma.
Your stone body is resilient. (AC +3)
You are immune to poison.
You resist negative energy. (rN+)
You are resistant to electric shocks. (rElec)
You are resistant to unholy torment.
You are immune to petrification.


   Skills:
 - Level 3.2 Fighting
 + Level 3.7 Axes
 - Level 3.2 Armour
 - Level 3.2 Shields


You had 2 spell levels left.
You didn't know any spells.
Your spell library was empty.

Inventory:

Hand Weapons
 e - a +0 mace
 Y - a +0 war axe (weapon)
Armour
 b - a +0 scale mail (worn)
 c - a +0 buckler (worn)
Jewellery
 j - a +5 ring of evasion (left hand)
Scrolls
 a - a scroll of identify
 i - a scroll of teleportation
Potions
 d - a potion of might
 f - a potion of heal wounds {unknown}
 h - a potion of resistance {unknown}
 k - a potion of attraction {unknown}

Dungeon Overview and Level Annotations

Branches:
Dungeon (2/15)

Altars:

Annotations:
D:2 Sigmund


Message History

Enter note:
Enter note: The ball python bites you but does no damage.
The ball python closely misses you.
You barely miss the ball python. The ball python closely misses you. x2
You hit the ball python but do no damage.
The ball python closely misses you. x2; You block the ball python's attack.
The ball python misses you.
You slash the ball python!
You kill the ball python!
Sigmund the Dreaded comes into view.
He is wielding a +2 scythe of freezing.
Sigmund shouts!
Enter note:
Enter note:
Enter note:
Enter note: Sigmund mumbles some strange words.
Sigmund flickers and vanishes!
Deactivating autopickup; reactivate with Ctrl-A.
Enter note:
Enter note:
Enter note:
Enter note: You swing at nothing.
You swing at nothing.
You swing at nothing.
Something hits you. Something freezes you.
You swing at nothing.
Something hits you. Something freezes you.
You swing at nothing.
Something hits you! Something freezes you.
You swing at nothing.
You swing at nothing.
Something hits you but does no damage.
You swing at nothing.
Something barely misses you.
You swing at nothing.
Something hits you!
You die...

###### #....# #.##.#
#.##.#######.#
#.##..@.{....#
###.############ .#
#..........# .#
#.#...####%###### ####.#
#.#...####......# #.....
#>#.....##......## #.....
#.##..#.##.......###.....
#%##..#.##.........%....#
#................###....#


There were no monsters in sight!

Vanquished Creatures
  A dart slug (D:1)
  9 ball pythons
  3 bats
  5 endoplasms
  2 giant cockroaches (D:1)
  12 hobgoblins
  2 frilled lizards (D:1)
  3 goblins (D:1)
  8 kobolds
  3 rats
48 creatures vanquished.

Notes
Turn   | Place    | Note
-------+----------+-------------------------------------------
     0 | D:1      | qw the Gargoyle Fighter began the quest for the Orb.
     0 | D:1      | Reached XP level 1. HP: 14/14 MP: 1/1
     0 | D:1      | 0 ||| qw: Version: 0.3-a-5-g6f28e65
     0 | D:1      | 0 ||| qw: Game counter: 497
     0 | D:1      | 0 ||| qw: Always use a shield: true
     0 | D:1      | 0 ||| qw: God list: Okawaru
     0 | D:1      | 0 ||| qw: Allow faded altars: false
     0 | D:1      | 0 ||| qw: Do Orc after D:15 true
     0 | D:1      | 0 ||| qw: Do second Lair branch before Depths: true
     0 | D:1      | 0 ||| qw: Lair rune preference: random
     0 | D:1      | 0 ||| qw: Plans: Normal, Zot:1-4, Slime:5, God:TSO, Crypt,
                  | Tomb, Abyss, Pan, Hells, Win
     0 | D:1      | 0 ||| PLANNING D:1-11
    91 | D:1      | Reached XP level 2. HP: 17/19 MP: 2/2
   231 | D:1      | Reached skill level 3 in Axes
   279 | D:1      | Reached XP level 3. HP: 22/23 MP: 3/3
   364 | D:1      | 364 ||| Stepping ~*~*~tactically~*~*~ (hiding).
   554 | D:1      | 554 ||| Stepping ~*~*~tactically~*~*~ (stealth).
   555 | D:1      | 555 ||| Stepping ~*~*~tactically~*~*~ (stealth).
   883 | D:1      | 883 ||| UPGRADING to +5 ring of evasion.
   884 | D:1      | 884 ||| READING scroll labelled LAMICRA MEDE.
   885 | D:1      | 885 ||| READING scroll labelled BUODOQ HUX BUA.
   886 | D:1      | 886 ||| READING 2 scrolls labelled CUARPH HYKUL.
  1009 | D:2      | 1009 ||| Stepping ~*~*~tactically~*~*~ (stealth).
  1041 | D:2      | 1041 ||| Stepping ~*~*~tactically~*~*~ (stealth).
  1179 | D:2      | 1179 ||| Stepping ~*~*~tactically~*~*~ (stealth).
  1203 | D:2      | 1203 ||| Stepping ~*~*~tactically~*~*~ (stealth).
  1204 | D:2      | 1204 ||| Stepping ~*~*~tactically~*~*~ (stealth).
  1263 | D:2      | Noticed Sigmund
  1269 | D:2      | HP: 4/23 [something (2)]
  1273 | D:2      | Slain by Sigmund

Levels and vault maps discovered:
D:1:      dpeg_arrival_morbid_curiosity, layout_basic, minmay_tetromino_l2
D:2:      layout_loops_cross, grunt_ministairs_5, minivault_14, uniq_sigmund

Skill      XL: |  1  2 |
---------------+-------+-----
Axes           | 2 3 |  3.7
Fighting       | |  3.2
Armour         | |  3.2
Shields        | |  3.2

Action                     || total
---------------------------++-------
  Melee: War axe           ||   122
  Throw: Boomerang         ||     3
    Use: Scroll            ||     3
 Armour: Scale mail        ||    55
  Dodge: Dodged            ||    62
  Block: Buckler           ||    35

Table legend:
 A = Non-vault XP
 B = Vault XP
 C = Vault XP percentage of total XP
 D = Non-vault monster count
 E = Vault monster count
 F = Vault count percentage of total count
                 A         B        C        D         E       F
            +---------+---------+-------+---------+---------+-------
      Total |      69 |       9 |  11.5 |      42 |       6 |  12.5
            +---------+---------+-------+---------+---------+-------
        D:1 |      51 |       9 |  15.0 |      30 |       6 |  16.7
        D:2 |      18 |       0 |   0.0 |      12 |       0 |   0.0
            +---------+---------+-------+---------+---------+-------
